 Dungeon Crawl Stone Soup version 0.31.0-12-g77e489cdc1 (webtiles) character file.

Game seed: 10509242145370889481

592 jagang the Trooper (level 7, -10/58 HPs)
             Began as a Human Monk on Feb 23, 2024.
             Mangled by an ice beast (14 damage)
             ... on level 5 of the Dungeon.
             The game lasted 00:05:13 (3294 turns).

jagang the Trooper (Human Monk)                     Turns: 3294, Time: 00:05:14

Health: -10/58     AC:  8    Str: 12    XL:     7   Next: 39%
Magic:  7/7        EV: 11    Int: 10    God:
Gold:   304        SH:  0    Dex: 17    Spells: 6/6 levels left

rFire   . . .        a - +0 falchion
rCold   . . .        d - orb {light}
rNeg    . . .        m - +3 ring mail
rPois   .            (no helmet)
rElec   .            (no cloak)
rCorr   .            (no gloves)
SInv    .            (no boots)
Will    +....        e - amulet of the acrobat
Stlth   +            l - ring of willpower
HPRegen 0.29/turn    b - +4 ring of slaying
MPRegen 0.10/turn

%: acrobat
@: glowing
A: explore regen
a: no special abilities


You were on level 5 of the Dungeon.
You visited 1 branch of the dungeon, and saw 5 of its levels.

You collected 304 gold pieces.

Inventory:

Hand Weapons
 a - a +0 falchion (weapon)
Missiles
 v - 7 poisoned darts (quivered)
Armour
 d - an orb of light (worn)
 m - a +3 ring mail (worn)
Jewellery
 b - a +4 ring of slaying (right hand)
 e - an amulet of the acrobat (around neck)
 l - a ring of willpower (left hand)
Scrolls
 g - a scroll of blinking {unknown}
 i - a scroll of vulnerability {unknown}
 o - 3 scrolls of enchant weapon {unknown}
 p - a scroll of revelation {unknown}
 r - a scroll of silence {unknown}
 s - a scroll of identify {unknown}
 t - a scroll of noise {unknown}
 w - a scroll of enchant armour {unknown}
 x - a scroll of fog {unknown}
Potions
 c - 2 potions of ambrosia
 f - 3 potions of lignification {unknown}
 h - a potion of enlightenment {unknown}
 j - 2 potions of attraction {unknown}
 k - a potion of brilliance {unknown}
 n - a potion of curing {unknown}
 q - a potion of might {unknown}
 u - 2 potions of heal wounds {unknown}


   Skills:
 * Level 6.2 Fighting
 + Level 4.8 Long Blades
 + Level 3.5 Armour
 - Level 3.0 Dodging


You had 6 spell levels left.
You didn't know any spells.
Your spell library contained the following spells:

 Spells                   Type           Power      Damage    Failure   Level
 Apportation              Tloc           0%         N/A       63%         1
 Kiss of Death            Conj/Necr      0%         2d5       63%         1
 Jinxbite                 Hex            0%         N/A       77%         2
 Confusing Touch          Hex            0%         N/A       94%         3
 Dazzling Flash           Conj/Hex       0%         N/A       94%         3
 Mephitic Cloud           Conj/Alch/Air  0%         N/A       94%         3
 Dispel Undead            Necr           0%         3d6       100%        4
 Alistair's Intoxication  Alch           0%         N/A       100%        5
 Borgnjor's Vile Clutch   Necr/Erth      0%         N/A       100%        5
 Curse of Agony           Necr           0%         N/A       100%        5
 Silence                  Hex/Air        0%         N/A       100%        5
 Eringya's Noxious Bog    Alch           0%         4d6       100%        6


Dungeon Overview and Level Annotations

Branches:
Dungeon (5/15)
 Temple: D:4-7

Altars:
Zin

Annotations:
D:1 2 transporters


Innate Abilities, Weirdness & Mutations

You regain HP and MP as you explore.


Message History

The orc is moderately wounded.
The orc hits you but does no damage. The orc hits you with a +0 falchion.
* * * LOW HITPOINT WARNING * * *
You slash the orc!
You kill the orc!
You hit the ice beast.
The ice beast is lightly wounded.
The ice beast hits you but does no damage.
You hit the ice beast but do no damage.
The ice beast is lightly wounded.
The ice beast misses you.
A black bear comes into view.
The black bear growls angrily.
You hit the ice beast.
The ice beast is lightly wounded.
The ice beast closely misses you.
You hit the ice beast.
The ice beast is moderately wounded.
The ice beast hits you but does no damage.
You hit the ice beast.
The ice beast is heavily wounded.
The ice beast hits you but does no damage.
You hit the ice beast.
The ice beast is heavily wounded.
The ice beast hits you.
* * * LOW HITPOINT WARNING * * *
The ice beast freezes you.
* * * LOW HITPOINT WARNING * * *
You hit the ice beast.
The ice beast is severely wounded.
The ice beast hits you but does no damage.
You barely miss the ice beast.
The ice beast is severely wounded.
The ice beast hits you but does no damage.
You hit the ice beast.
The ice beast is almost dead.
The ice beast hits you.
* * * LOW HITPOINT WARNING * * *
The ice beast freezes you!
You die...

## #..# .> #..#
###.####..# ..
......#####
##.#.##.........
..........#
##.#..#.#.#
#.#..#.#)#
#.#..#.#@#
#.#..#.#Y#
##.#..#.#5# #
#.......#h#
#.##..####.#..
#.....)<...#..
#.##..####.#..
.. #..# #.....
## #..# ###


You could see a black bear, an ice beast and an ufetubus.

Vanquished Creatures
  A water moccasin (D:5)
  2 ogres (D:4)
  A jelly (D:4)
  An orc priest (D:5)
  A hound (D:4)
  Jessica (D:3)
  3 iguanas
  7 adders
  2 dart slugs
  A ribbon worm (D:4)
  9 orcs
  3 ball pythons (D:1)
  7 endoplasms
  5 giant cockroaches
  6 goblins
  2 hobgoblins
  3 quokkas
  2 bats (D:1)
  4 kobolds
  3 rats
64 creatures vanquished.

Notes
Turn   | Place    | Note
-------+----------+-------------------------------------------
     0 | D:1      | jagang the Human Monk began the quest for the Orb.
     0 | D:1      | Reached XP level 1. HP: 18/18 MP: 1/1
   280 | D:1      | Reached XP level 2. HP: 24/24 MP: 2/2
   651 | D:1      | Reached skill level 1 in Armour
   832 | D:2      | Reached XP level 3. HP: 27/29 MP: 3/3
  1406 | D:3      | Reached skill level 4 in Fighting
  1423 | D:3      | Reached XP level 4. HP: 37/37 MP: 4/4
  1522 | D:3      | Found a faded altar of an unknown god.
  1659 | D:3      | Noticed Jessica
  1668 | D:3      | Killed Jessica
  1792 | D:4      | Reached XP level 5. HP: 7/43 MP: 5/5
  1953 | D:4      | Noticed an ogre
  1966 | D:4      | Killed an ogre
  1967 | D:4      | Reached skill level 5 in Fighting
  1989 | D:4      | Found a glowing silver altar of Zin.
  2033 | D:4      | Reached XP level 6. HP: 51/51 MP: 6/6
  3056 | D:5      | Entered Level 5 of the Dungeon
  3058 | D:5      | Noticed a water moccasin
  3066 | D:5      | Killed a water moccasin
  3067 | D:5      | Reached skill level 6 in Fighting
  3067 | D:5      | Reached XP level 7. HP: 26/58 MP: 7/7
  3294 | D:5      | Mangled by an ice beast

Illustrated notes

Levels and vault maps discovered:
D:1:      spicycebolla_arrival_transporter_tutorial, layout_basic,
          kennysheep_boxes
D:2:      layout_rooms, kennysheep_generic_room_8
D:3:      layout_rooms, basic_ecumenical_altar, uniq_jessica
D:4:      layout_basic, mainiacjoe_overflow_24_doors, serial_aquarium,
          aquarium_bridge_straight [aquarium_subvault_bridge,
          aquarium_subvault_window, aquarium_subvault_bridge,
          aquarium_subvault_window], aquarium_window_2, aquarium_window_2,
          aquarium_view_2d, aquarium_view_4, aquarium_pool_1
D:5:      layout_loops_ring, gammafunk_temple_overflow_arena

Skill      XL: |  1  2  3  4  5  6 |
---------------+-------------------+-----
Armour         | 1 2 3 |  3.5
Fighting       | 4 5 6 |  6.2
Long Blades    | 4 |  4.8
Dodging        | |  3.0

Action                     |  1- 3 |  4- 6 |  7- 9 || total
---------------------------+-------+-------+-------++-------
  Melee: Falchion          |    70 |    72 |    32 ||   174
  Throw: Dart              |       |     4 |       ||     4
 Armour: Robe              |    25 |       |       ||    25
         Ring mail         |     8 |    50 |    17 ||    75
         Skin              |     2 |       |       ||     2
  Dodge: Dodged            |    57 |    43 |    11 ||   111
